 Dungeon Crawl Stone Soup version 0.21.1-1-g345015fe64 (webtiles) character file.

86 ErikD the Chopper (level 4, -2/40 HPs)
             Began as a Hill Orc Monk on Feb 6, 2018.
             Slain by an orc
             ... wielding a +0 short sword
              (4 damage)
             ... on level 3 of the Dungeon on Feb 9, 2018.
             The game lasted 00:07:51 (2609 turns).

ErikD the Chopper (Hill Orc Monk)                   Turns: 2609, Time: 00:07:52

Health: -2/40      AC:  7    Str: 13    XL:     4   Next: 50%
Magic:  4/4        EV: 11    Int: 10    God:
Gold:   72         SH:  0    Dex: 14    Spells: 3/3 levels left

rFire    . . .     SeeInvis .   a - +0 hand axe
rCold    . . .     Gourm    .   (no shield)
rNeg     . . .     Faith    .   g - +0 ring mail (curse)
rPois    .         Spirit   .   h - +1 helmet
rElec    .         Reflect  .   (no cloak)
rCorr    .         Harm     .   (no gloves)
MR       .....                  (no boots)
Stlth    +.........             (no amulet)
HPRegen  0.13/turn              (no ring)
MPRegen  0.09/turn              (no ring)

@: slowed, very slow
A: no striking features
a: no special abilities


You were on level 3 of the Dungeon.
You were not hungry.

You visited 1 branch of the dungeon, and saw 3 of its levels.

You collected 72 gold pieces.

Inventory:

Hand Weapons
 a - a +0 hand axe (weapon)
 l - a +0 dagger of venom
 m - a +0 hunting sling
Missiles
 d - 27 stones (quivered)
Armour
 b - a +0 robe
 g - a cursed +0 ring mail (worn)
 h - a +1 helmet (worn)
Scrolls
 e - a scroll of fear
 f - 2 scrolls of identify
Potions
 i - a potion of lignification {unknown}
 j - a potion of agility {unknown}
 o - a potion of curing {unknown}
 p - a potion of magic {unknown}
Comestibles
 c - 9 rations


   Skills:
 + Level 4.2 Fighting
 + Level 5.0 Axes
 + Level 0.3 Slings
 + Level 3.0 Dodging
 + Level 2.1 Stealth


You had 3 spell levels left.
You didn't know any spells.

Dungeon Overview and Level Annotations

Branches:
Dungeon (3/15)

Altars:


Message History

There is a stone staircase leading up here.
You escape the ball python's grasp.
The orc wizard hits you but does no damage.
The ball python completely misses you. The ball python grabs you.
You stop ascending the stairs.
The ball python constricts you.
A rat comes into view.
Unknown command.
The ball python's grasp on you weakens, but your attempt to escape fails.
The ball python barely misses you. The ball python constricts you.
The rat moves out of view.
The ball python bites you but does no damage.
The ball python constricts you.
The orc wizard hits you but does no damage.
The orc hits you but does no damage.
An orc comes into view. It is wielding a flail.
You escape the ball python's grasp.
The orc hits you with a hand axe of chopping.
* * * LOW HITPOINT WARNING * * *
x2 The orc wizard completely misses you.
The orc hits you with a short sword.
You die...

#### .... #..### #..
####....#### #.#
#..........###.#
#......)...##..#####.
#......[.....†(......
####..#)...##.######.
#oS.#......#
#@o.#...#..#
#o..##.###...
#...##.# #....
#.#.##.# #....
#.#.##.. ..... ..o.r
.. .[.... ........
..... ...


You could see an orc wizard, 3 orcs, a ball python and a rat (wandering).

Vanquished Creatures
  2 adders (D:2)
  An ooze (D:1)
  2 worms
  3 dart slugs
  A leopard gecko (D:1)
  3 orcs
  2 bats
  A giant cockroach (D:2)
  11 goblins
  6 hobgoblins
  8 kobolds
  4 frilled lizards
  3 rats
47 creatures vanquished.

Notes
Turn   | Place    | Note
-------+----------+-------------------------------------------
     0 | D:1      | ErikD the Hill Orc Monk began the quest for the Orb.
     0 | D:1      | Reached XP level 1. HP: 19/19 MP: 1/1
    33 | D:1      | Reached XP level 2. HP: 13/27 MP: 2/2
   542 | D:1      | Reached XP level 3. HP: 8/33 MP: 3/3
  1786 | D:2      | Reached XP level 4. HP: 17/40 MP: 4/4
  2240 | D:2      | Reached skill level 5 in Axes
  2609 | D:3      | HP: 2/40 [orc/hand axe of chopping (1)]
  2609 | D:3      | Slain by an orc

Skill      XL: |  1  2  3  4 |
---------------+-------------+-----
Fighting       | 4 |  4.2
Stealth        | 2 |  2.1
Axes           | 5 |  5.0
Dodging        | 3 |  3.0
Slings         | |  0.3

Action                   |  1- 3 |  4- 6 || total
-------------------------+-------+-------++-------
Melee: Hand axe          |   120 |    35 ||   155
 Fire: Hunting sling     |     6 |    15 ||    21
Throw: Stone             |     9 |     2 ||    11
  Use: Scroll            |     2 |     3 ||     5
 Stab: Sleeping          |     4 |       ||     4
  Eat: Chunk             |     3 |     2 ||     5
Armor: Robe              |    11 |       ||    11
       Ring mail         |       |    21 ||    21
Dodge: Dodged            |    75 |    28 ||   103
